 Dungeon Crawl Stone Soup version 0.25-a0-251-g572059c536 (webtiles) character file.

Game seed: 9517181723490561315, levelgen mode: deterministic

241 floatRand the Cudgeler (level 5, 0/38 HPs)
             Began as a Demonspawn Gladiator on Dec 4, 2019.
             Slain by an orc wizard
             ... wielding a +0 dagger
              (4 damage)
             ... on level 4 of the Dungeon.
             The game lasted 00:04:04 (3852 turns).

floatRand the Cudgeler (Demonspawn Gladiator)       Turns: 3852, Time: 00:04:05

Health: 0/38       AC:  6    Str: 20    XL:     5   Next: 80%
Magic:  0/5        EV: 13    Int:  9    God:
Gold:   73         SH:  0    Dex: 15    Spells: 4/4 levels left

rFire    . . .     SeeInvis .   a - +0 flail
rCold    . . .     Gourm    .   (no shield)
rNeg     . . .     Faith    .   b - +0 leather armour
rPois    .         Spirit   +   c - +0 helmet
rElec    .         Reflect  .   (no cloak)
rCorr    .         Harm     .   (no gloves)
MR       .....                  (no boots)
Stlth    +.........             (no amulet)
HPRegen  0.12/turn              (no ring)
MPRegen  0.09/turn              (no ring)

@: mighty
A: molten scales 1, magic shield
a: no special abilities


You were on level 4 of the Dungeon.
You were not hungry.

You visited 1 branch of the dungeon, and saw 4 of its levels.

You collected 73 gold pieces.

Inventory:

Hand Weapons
 a - a +0 flail (weapon)
Missiles
 d - 2 throwing nets (quivered)
Armour
 b - a +0 leather armour (worn)
 c - a +0 helmet (worn)
Scrolls
 e - a scroll of remove curse {unknown}
 g - 3 scrolls of enchant armour {unknown}
 h - 3 scrolls of teleportation {unknown}
 i - a scroll of random uselessness {unknown}
 j - 2 scrolls of magic mapping {unknown}
 k - a scroll of amnesia {unknown}
 n - a scroll of enchant weapon {unknown}
 q - 3 scrolls of identify {unknown}
 r - a scroll of immolation {unknown}
Potions
 m - a potion of curing {unknown}
 o - a potion of magic {unknown}
Comestibles
 f - 5 rations
 p - 4 chunks of flesh


   Skills:
 - Level 2.0 Fighting
 + Level 6.0 Maces & Flails
 - Level 1.7 Throwing
 - Level 2.6 Dodging


You had 4 spell levels left.
You didn't know any spells.
Your spell library contained the following spells:

 Spells                   Type           Power        Failure   Level  Hunger
 Confusing Touch          Hex            #.....       43%         1    ##.....
 Confuse                  Hex            #.......     82%         3    ####...
 Gell's Gravitas          Tloc           #.........   82%         3    ####...
 Petrify                  Tmut/Erth      #.......     99%         4    #####..
 Metabolic Englaciation   Hex/Ice        #.........   100%        5    ######.
 Yara's Violent Unravell  Hex/Tmut       #.........   100%        5    ######.


Dungeon Overview and Level Annotations

Branches:
Dungeon (4/15)
 Temple: D:4-7

Altars:
Elyvilon
Fedhas
Gozag
Hepliaklqana
Uskayaw

Annotations:
D:3 3 runed translucent doors, bmj180's ghost, weakling DrCj


Innate Abilities, Weirdness & Mutations

You are partially covered in molten scales. (AC +2)
When hurt, damage is shared between your health and your magic reserves.


Message History

Unknown command.
It was a potion of might.
You feel very mighty all of a sudden. The orc priest barely misses you.
The orc wizard completely misses you.
You closely miss the orc priest. The orc priest hits you.
* * * LOW HITPOINT WARNING * * *
The orc wizard hits you but does no damage.
Unknown command.
You sock the orc priest!
The orc priest is almost dead.
The orc priest closely misses you.
The orc wizard hits you but does no damage.
The orc priest hits you.
* * * LOW HITPOINT WARNING * * *
Unknown command.
You bludgeon the orc priest!!
You kill the orc priest!
Your Maces & Flails skill increases to level 6!
The orc wizard hits you with a +0 dagger.
You die...

#?.ยง..o..
#..o...
#....# ##.#
#<.#
########o.#
#o....oo..#
#[######....#
#@# ...#.#
#o###.###.#.#
#.....# #.. .
####### #####


You could see an orc wizard and an orc.

Vanquished Creatures
  2 orc priests
  An orc wizard (D:3)
  4 adders
  6 worms
  2 dart slugs
  4 leopard geckos
  9 orcs
  12 bats
  2 giant cockroaches
  9 goblins
  6 hobgoblins
  2 jackals (D:2)
  2 quokkas (D:3)
  5 frilled lizards
  12 kobolds
  12 rats
90 creatures vanquished.

Notes
Turn   | Place    | Note
-------+----------+-------------------------------------------
     0 | D:1      | floatRand the Demonspawn Gladiator began the quest for the
                  | Orb.
     0 | D:1      | Reached XP level 1. HP: 16/16 MP: 1/1
    99 | D:1      | Reached skill level 3 in Maces & Flails
   148 | D:1      | Gained mutation: When hurt, damage is shared between your
                  | health and your magic reserves. [demonic ancestry]
   148 | D:1      | Reached XP level 2. HP: 9/22 MP: 2/2
  1119 | D:2      | Reached XP level 3. HP: 14/27 MP: 3/3
  1135 | D:1      | Reached skill level 4 in Maces & Flails
  1560 | D:2      | Found a blossoming altar of Fedhas.
  1606 | D:2      | Gained mutation: You are partially covered in molten
                  | scales. (AC +2) [demonic ancestry]
  1606 | D:2      | Reached XP level 4. HP: 17/33 MP: 2/4
  1624 | D:2      | Found a white marble altar of Elyvilon.
  1624 | D:2      | Found a hazy altar of Hepliaklqana.
  2363 | D:3      | Found a hide-covered altar of Uskayaw.
  2363 | D:3      | Noticed a +0 hand axe
  2364 | D:3      | Noticed a +0 hand axe
  2466 | D:3      | Reached skill level 5 in Maces & Flails
  2475 | D:3      | Reached XP level 5. HP: 3/38 MP: 0/5
  2839 | D:3      | Found an opulent altar of Gozag.
  2840 | D:3      | Noticed bmj180's ghost (weakling DrCj)
  2841 | D:3      | Found a runed translucent gate.
  2841 | D:3      | Found a runed translucent gate.
  2841 | D:3      | Found a runed translucent gate.
  3852 | D:4      | Reached skill level 6 in Maces & Flails
  3852 | D:4      | Slain by an orc wizard

Levels and vault maps discovered:
D:1:      dpeg_arrival_boxorama, layout_loops_cross, minmay_misc_feat_chi,
          minmay_ruptured
D:2:      layout_rooms, fedhas_altar_4, gammafunk_temple_overflow_wave
D:3:      layout_loops_cross, dancing_weapons_uskayaw, ebering_ghost_gozag,
          kennysheep_potato
D:4:      layout_basic, first_ration, serial_shops, nicolae_shop_stone,
          hangedman_decor_clover_reticule

Skill      XL: |  1  2  3  4  5 |
---------------+----------------+-----
Maces & Flails | 3 4 5 6 |  6.0
Fighting       | |  2.0
Throwing       | |  1.7
Dodging        | |  2.6

Action                   |  1- 3 |  4- 6 || total
-------------------------+-------+-------++-------
Melee: Flail             |   135 |   179 ||   314
Throw: Throwing net      |     1 |       ||     1
  Use: Potion            |       |     1 ||     1
 Stab: Distracted        |       |     1 ||     1
       Sleeping          |       |     1 ||     1
  Eat: Chunk             |     2 |     8 ||    10
Armor: Leather armour    |    67 |    79 ||   146
Dodge: Dodged            |   132 |   129 ||   261

Table legend:
 A = Non-vault XP
 B = Vault XP
 C = Vault XP percentage of total XP
 D = Non-vault monster count
 E = Vault monster count
 F = Vault count percentage of total count
                 A         B        C        D         E       F
            +---------+---------+-------+---------+---------+-------
      Total |     337 |       8 |   2.3 |      86 |       4 |   4.4
            +---------+---------+-------+---------+---------+-------
        D:1 |      32 |       6 |  15.8 |      20 |       3 |  13.0
        D:2 |      85 |       0 |   0.0 |      30 |       0 |   0.0
        D:3 |     173 |       2 |   1.1 |      33 |       1 |   2.9
        D:4 |      47 |       0 |   0.0 |       3 |       0 |   0.0
            +---------+---------+-------+---------+---------+-------
